Map: Oxide LE

Players

Neeblet (Neeb) - Winner!

  • Race: Protoss Protoss

Serral

  • Race: Zerg Zerg
  • League: Grandmaster

Event: TSL 7

VOD

Have the link to the VOD?

Description

Time

  • Played on: June 13, 2021, 10:11 a.m.
  • Length: 10:08

All games in this series

Show
View Real Time Build Order
Export as new Build Order

Neeblet Protoss - Winner!

Build Orders: 1 Gate Expand, Carriers, Carrier Rush 

Get SALT Encoding   

  12  0:00  Probe  
  13  0:12  Probe  
  14  0:19  Pylon  
  14  0:24  Probe  
  15  0:37  Probe (Chrono Boost)  
  15  0:39  Gateway  
  16  0:46  Probe (Chrono Boost)  
  17  0:50  Assimilator  
  17  0:52  Probe  
  19  1:04  Probe  
  19  1:16  Probe  
  20  1:26  Nexus  
  20  1:36  Cybernetics Core  
  20  1:39  Probe  
  21  1:46  Assimilator  
  21  1:51  Probe (Chrono Boost)  
  21  1:53  Pylon  
  22  2:03  Probe (Chrono Boost)  
  23  2:11  Probe (Chrono Boost)  
  23  2:13  Adept (Chrono Boost)  
  26  2:18  Probe  
  26  2:22  Stargate  
  27  2:31  Warp Gate  
  27  2:32  Probe (Chrono Boost)  
  27  2:35  Adept (Chrono Boost)  
  30  2:38  Probe (Chrono Boost)  
  32  2:47  Probe (Chrono Boost)  
  32  2:48  Probe (Chrono Boost)  
  33  2:52  Probe (Chrono Boost)  
  33  2:55  Probe  
  33  2:58  Void Ray (Chrono Boost)  
  35  3:04  Probe  
  40  3:07  Probe  
  40  3:10  Adept  
  43  3:13  Pylon  
  43  3:16  Probe  
  43  3:19  Probe  
  45  3:25  Gateway  
  45  3:28  Probe  
  45  3:31  Probe, Assimilator  
  45  3:34  Assimilator  
  47  3:40  Probe (Chrono Boost)  
  49  3:49  Probe (Chrono Boost)  
  49  3:51  Probe (Chrono Boost), Pylon  
  50  3:56  Probe (Chrono Boost)  
  50  3:57  Probe (Chrono Boost)  
  50  3:59  Fleet Beacon  
  52  4:05  Stargate  
  52  4:07  Probe  
  52  4:08  Probe  
  54  4:14  Pylon  
  54  4:19  Probe  
  55  4:27  Nexus  
  55  4:48  Carrier x2 (Chrono Boost)  
  67  4:54  Shield Battery  
  67  4:57  Probe x2  
  69  5:09  Probe, Forge  
  70  5:18  Protoss Air Weapons Level 1  
  70  5:21  Pylon  
  70  5:24  Pylon  
  70  5:31  Pylon  
  70  5:35  Twilight Council  
  70  5:39  Probe x3  
  69  5:51  Probe x2  
  69  5:52  Probe, Carrier (Chrono Boost)  
  69  5:55  Carrier (Chrono Boost)  
  78  6:04  Probe (Chrono Boost)  
  87  6:06  Probe x2 (Chrono Boost)  
  87  6:08  Gateway  
  87  6:10  Gateway  
  87  6:12  Assimilator  
  90  6:18  Probe (Chrono Boost)  
  90  6:19  Assimilator  
  90  6:20  Probe x2 (Chrono Boost)  
  90  6:22  Protoss Ground Weapons Level 1 (Chrono Boost), Charge  
  90  6:23  Probe (Chrono Boost)  
  91  6:28  Probe x2  
  93  6:35  Robotics Facility  
  93  6:38  Probe  
  94  6:43  Probe  
  94  6:45  Probe  
  96  6:50  Gateway x2  
  96  6:53  Gateway  
  96  6:55  Sentry x2  
  96  6:56  Gateway  
  96  6:58  Void Ray x2  
  106  7:09  Probe  
  106  7:12  Probe  
  108  7:16  Photon Cannon  
  108  7:17  Pylon  
  108  7:28  Pylon  
  108  7:30  Pylon  
  108  7:31  Pylon  
  108  7:33  Observer  
  108  7:34  Templar Archives  
  109  7:40  Zealot x4  
  117  8:11  Nexus  
  117  8:12  Zealot x4  
  125  8:13  Pylon  
  125  8:19  Pylon  
  125  8:21  Warp Prism  
  125  8:23  Carrier (Chrono Boost)  
  125  8:26  Carrier (Chrono Boost)  
  139  8:50  High Templar x3  
  139  8:51  High Templar  
  139  8:54  Probe  
  139  8:55  Probe x2, Assimilator  
  150  8:57  Archon x2  
  150  8:58  Assimilator  
  150  9:03  Photon Cannon  
  150  9:05  Shield Battery  
  150  9:09  Probe x3  
  153  9:16  High Templar x2  
  157  9:24  Archon  
  157  9:25  Gateway  
  157  9:26  Gateway  
  157  9:28  Pylon  
  157  9:30  Pylon  
  157  9:31  Pylon  
  157  9:33  High Templar x2  
  157  9:34  Zealot x3  
  157  9:37  Archon  
  167  9:40  Photon Cannon  
  165  9:51  Zealot  
  165  9:52  Zealot x2  
  151  9:54  Zealot x3  
Show
View Real Time Build Order
Export as new Build Order

Serral Zerg 

Build Orders: Hatch First 

Get SALT Encoding   

  12  0:00  Drone  
  13  0:12  Overlord  
  13  0:18  Drone  
  14  0:31  Drone x2  
  16  0:42  Drone  
  17  0:51  Hatchery  
  17  0:54  Drone  
  17  0:58  Drone  
  18  1:08  Extractor  
  17  1:14  Spawning Pool  
  17  1:17  Drone  
  17  1:20  Drone  
  18  1:27  Drone  
  19  1:39  Drone  
  20  1:48  Overlord  
  20  2:00  Queen  
  22  2:03  Queen, Zergling x2  
  22  2:04  Zergling x2  
  26  2:11  Drone  
  26  2:13  Metabolic Boost  
  26  2:14  Drone  
  28  2:21  Drone  
  29  2:25  Drone  
  30  2:36  Queen  
  32  2:44  Hatchery  
  32  2:45  Drone  
  32  2:49  Drone  
  33  2:52  Overlord  
  33  2:55  Drone  
  33  2:57  Drone  
  35  2:59  Drone  
  36  3:05  Overlord  
  36  3:10  Drone  
  36  3:12  Queen  
  39  3:14  Drone  
  39  3:16  Drone  
  39  3:18  Drone  
  42  3:21  Drone  
  42  3:22  Drone  
  42  3:24  Drone  
  44  3:30  Queen  
  44  3:33  Overlord  
  46  3:35  Drone  
  46  3:36  Drone  
  46  3:40  Zergling x2  
  49  3:42  Zergling x4  
  49  3:47  Overlord  
  51  3:48  Overlord  
  51  3:56  Queen, Zergling x2  
  51  3:57  Drone  
  51  3:58  Drone  
  51  4:01  Spore Crawler  
  55  4:03  Spore Crawler  
  55  4:05  Drone  
  55  4:06  Drone  
  55  4:08  Drone  
  57  4:10  Drone  
  57  4:14  Drone x2  
  57  4:15  Drone  
  57  4:16  Drone  
  62  4:22  Overlord  
  62  4:24  Drone x3  
  62  4:26  Zergling x2  
  62  4:29  Overlord  
  66  4:32  Zergling x2  
  66  4:34  Drone  
  68  4:41  Roach Warren, Lair  
  68  4:43  Extractor  
  68  4:44  Extractor  
  68  4:45  Zergling x2  
  66  4:46  Drone x2  
  66  4:50  Spore Crawler  
  66  4:51  Drone x2  
  69  4:55  Zergling x2  
  69  4:56  Drone x3  
  69  4:58  Drone  
  73  5:00  Drone  
  73  5:03  Overlord  
  73  5:06  Drone x2  
  76  5:08  Overlord  
  76  5:10  Drone x2  
  76  5:11  Drone  
  79  5:15  Queen  
  79  5:18  Queen  
  83  5:22  Overlord  
  83  5:23  Drone  
  83  5:25  Overlord  
  83  5:26  Drone  
  85  5:29  Extractor x2  
  85  5:33  Evolution Chamber  
  85  5:34  Drone x2  
  84  5:39  Drone x2  
  86  5:44  Drone x5  
  86  5:45  Drone x3  
  86  5:49  Extractor  
  91  5:52  Overlord  
  91  5:57  Roach x2  
  91  6:03  Zerg Missile Weapons Level 1  
  91  6:04  Hatchery, Hydralisk Den  
  96  6:10  Queen x2  
  99  6:12  Queen  
  99  6:21  Drone, Baneling Nest  
  99  6:25  Overlord  
  99  6:30  Drone x10  
  99  6:31  Spore Crawler  
  108  6:32  Overlord  
  108  6:38  Drone x2  
  110  6:40  Drone x2  
  110  6:42  Drone x2  
  110  6:46  Overlord x2  
  114  6:52  Overlord  
  114  6:56  Hydralisk  
  114  6:57  Extractor, Hydralisk x3  
  117  7:04  Hydralisk x4  
  123  7:11  Hydralisk x3  
  123  7:15  Hydralisk x2  
  129  7:24  Hydralisk x5  
  129  7:29  Hydralisk x2  
  132  7:36  Hydralisk  
  132  7:37  Hydralisk x2  
  140  7:45  Overlord  
  140  7:49  Hydralisk x5  
  134  8:00  Hydralisk x5  
  138  8:06  Hydralisk x3  
  138  8:14  Hatchery  
  138  8:16  Centrifical Hooks  
  137  8:20  Hydralisk  
  137  8:21  Hydralisk  
  137  8:23  Hydralisk  
  143  8:28  Hydralisk x2  
  143  8:32  Baneling x5  
  143  8:33  Baneling x3  
  147  8:37  Overlord  
  147  8:45  Hydralisk x4  
  153  8:53  Zergling x8  
  157  9:00  Zergling x10  
  162  9:08  Hydralisk x2  
  166  9:13  Hydralisk x2  
  166  9:16  Zergling x4  
  172  9:20  Baneling  
  172  9:21  Baneling x7  
  172  9:27  Overlord  
  172  9:28  Zergling x8  
  172  9:29  Zergling x2  
  176  9:39  Baneling x4  
  176  9:42  Zergling x10  
Tags
 
Add a new tag
Caveats
  • Supply blocks, unpowered buildings, or Contaminate may cause inaccurate times.
  • Supply counts are checked every 10 seconds.